 Dungeon Crawl Stone Soup version 0.25.1-8-g42b30a86e7 (webtiles) character file.

Game seed: 90826702058779846

364 Gabide the Cudgeler (level 7, -5/52 HPs)
             Began as a Human Abyssal Knight on Dec 9, 2020.
             Was a Believer of Lugonu.
             Killed by divine providence
             ... invoked by an orc priest
              (14 damage)
             ... on level 4 of the Dungeon.
             The game lasted 00:19:04 (4388 turns).

Gabide the Cudgeler (Human Abyssal Knight)          Turns: 4388, Time: 00:19:05

Health: -5/52      AC:  3    Str: 13 (15) XL:     7   Next: 0%
Magic:  18/18      EV: 10    Int:  9 (12) God:    Lugonu [**....]
Gold:   183        SH:  0    Dex: 10 (12) Spells: 6/6 levels left

rFire    + . .     SeeInvis .   t - +0 flail
rCold    . . .     Gourm    .   (no shield)
rNeg     . . .     Faith    +   g - +0 ring mail
rPois    .         Spirit   .   (no helmet)
rElec    .         Reflect  .   (no cloak)
rCorr    .         Harm     .   (no gloves)
MR       +....                  (no boots)
Stlth    ..........             o - amulet of faith
HPRegen  0.17/turn              i - ring of protection from magic
MPRegen  0.16/turn              d - ring of magical power

@: mighty
A: claws 1, deformed body, fire resistance 1
a: Depart the Abyss, Bend Space, Renounce Religion


You were on level 4 of the Dungeon.
You worshipped Lugonu.
Lugonu was pleased with you.
You were not hungry.

You visited 1 branch of the dungeon, and saw 4 of its levels.
You visited the Abyss 1 time.

You collected 183 gold pieces.

Inventory:

Hand Weapons
 p - a +0 mace of protection
 t - a +0 flail (weapon)
Missiles
 a - a boomerang (quivered)
 h - 4 atropa-tipped darts
 n - 13 poisoned darts
Armour
 g - a +0 ring mail (worn)
 r - a +1 scale mail
Jewellery
 d - a ring of magical power (right claw)
 e - a cursed amulet of inaccuracy {unknown}
 i - a ring of protection from magic (left claw)
 o - an amulet of faith (around neck)
Scrolls
 j - a scroll of remove curse
 m - a scroll of teleportation
 q - a scroll of magic mapping
 u - a scroll of amnesia
Potions
 k - 2 potions of stabbing
Comestibles
 b - 2 chunks of flesh
 c - 8 rations


   Skills:
 + Level 3.6 Fighting
 * Level 4.1 Maces & Flails
 * Level 2.8 Throwing
 - Level 3.3 Armour
 * Level 1.6 Dodging
 * Level 3.2 Invocations


You had 6 spell levels left.
You didn't know any spells.
Your spell library was empty.

Dungeon Overview and Level Annotations

Branches:
Dungeon (4/15)
 Temple: D:4-7

Altars:
Cheibriados
Hepliaklqana
Uskayaw
Vehumet
Wu Jian
Xom
The Shining One

Annotations:
D:3 1 runed translucent door, Toogi's ghost, amateur OgBe


Innate Abilities, Weirdness & Mutations

You have sharp fingernails.
Armour fits poorly on your strangely shaped body.
Your flesh is heat resistant. (rF+)


Message History

The orc hits you with a +0 whip.
The orc priest hits you with a +0 flail!
* * * LOW HITPOINT WARNING * * *
You feel better. The orc barely misses you. Space bends around you!
You blink.
The orc throws a boomerang.
The boomerang barely misses you.
The weapon returns to the orc!
Unknown command.
The orc priest calls down the wrath of Beogh upon you.
Beogh smites you!
* * * LOW HITPOINT WARNING * * *
The orc throws a boomerang.
The boomerang misses you.
The weapon returns to the orc!
It was a potion of degeneration.
There was something very wrong with that liquid.
You feel weakened.
You feel dopey.
You feel clumsy.
It was a potion of might.
You feel very mighty all of a sudden.
The orc priest invokes the aid of Beogh against you.
Beogh smites you!
You die...

#........####.##
##........##...#
#.........o...#
....
##........o....#
....
###........#..#
.....
####.o...##..#
..... ##...#### #.#
...... #####...##
..# ....#
##.@.o..## .#
#..#####(.o....#
#รท.##..........#
##.............#
##............#
##............##
##............##
###.............#
###..............##


You could see an orc priest and an orc.

Vanquished Creatures
  Grinder (D:3)
  Terence (D:2)
  A gnoll (D:3)
  4 adders
  An ooze (D:1)
  A worm (D:1)
  2 dart slugs
  A leopard gecko (D:1)
  8 orcs (D:3)
  A ball python (D:2)
  4 bats
  2 giant cockroaches
  2 goblins (D:3)
  12 hobgoblins
  10 jackals
  11 kobolds
  A quokka (D:4)
  9 frilled lizards
  5 rats
77 creatures vanquished.

Notes
Turn   | Place    | Note
-------+----------+-------------------------------------------
     0 | Abyss:1  | Gabide the Human Abyssal Knight began the quest for the
                  | Orb.
     0 | Abyss:1  | Reached XP level 1. HP: 18/18 MP: 2/2
    35 | Abyss:1  | Noticed a raiju
    36 | D:1      | Escaped the Abyss
   172 | D:1      | Reached XP level 2. HP: 11/24 MP: 3/3
   173 | D:1      | Reached * piety under Lugonu
   500 | D:1      | Reached skill level 1 in Throwing
   500 | D:1      | Reached XP level 3. HP: 29/29 MP: 4/4
  1187 | D:2      | Reached XP level 4. HP: 33/35 MP: 5/5
  1302 | D:2      | Found a shimmering altar of Xom.
  1303 | D:2      | Found a hazy altar of Hepliaklqana.
  1304 | D:2      | Noticed a spectral ugly thing
  1359 | D:2      | Noticed Terence
  1735 | D:2      | Killed Terence
  1887 | D:2      | Found a faded altar of an unknown god.
  2288 | D:3      | Reached XP level 5. HP: 41/41 MP: 6/6
  2309 | D:3      | Found a snail-covered altar of Cheibriados.
  2312 | D:3      | Found a hide-covered altar of Uskayaw.
  2316 | D:3      | Found an ornate altar of the Wu Jian Council.
  2318 | D:3      | Reached ** piety under Lugonu
  2402 | D:3      | Noticed Grinder
  2411 | D:3      | Paralysed by Grinder for 7 turns
  2485 | D:3      | Reached skill level 3 in Maces & Flails
  2944 | D:3      | Noticed Toogi's ghost (amateur OgBe)
  2945 | D:3      | Found a runed translucent door.
  2953 | D:3      | Paralysed by Grinder for 4 turns
  3195 | D:2      | Gained mutation: Your flesh is heat resistant. (rF+)
                  | [potion of mutation]
  3195 | D:2      | Gained mutation: Armour fits poorly on your strangely
                  | shaped body. [potion of mutation]
  3195 | D:2      | Gained mutation: You have sharp fingernails. [potion of
                  | mutation]
  3722 | D:3      | Killed Grinder
  3722 | D:3      | Reached skill level 4 in Maces & Flails
  3722 | D:3      | Reached XP level 6. HP: 28/47 MP: 8/8
  4001 | D:3      | Found a radiant altar of Vehumet.
  4132 | D:3      | Found a glowing golden altar of the Shining One.
  4323 | D:4      | Reached XP level 7. HP: 49/52 MP: 9/9
  4388 | D:4      | Killed from afar by an orc priest

Illustrated notes

Levels and vault maps discovered:
D:1:      dpeg_arrival_erosion, layout_loops_cross, kennysheep_small_spiral,
          minivault_23, serial_park_tiny_2
D:2:      layout_rooms, regret_index_temple_of_mockery, first_ration,
          chequers_ecumenical_altar_island, uniq_terence
D:3:      minmay_spotlight, layout_basic, vehumet_crystals,
          grunt_temple_overflow_open, lemuel_coloured_pillars_altar,
          ebering_ghost_sewer_d, uniq_grinder
D:4:      layout_cave_pods

Skill      XL: |  1  2  3  4  5 |
---------------+----------------+-----
Throwing       | 1 2 |  2.8
Maces & Flails | 4 |  4.1
Armour         | 3 |  3.3
Invocations    | 3 |  3.2
Fighting       | |  3.6
Dodging        | |  1.6

Action                   |  1- 3 |  4- 6 |  7- 9 || total
-------------------------+-------+-------+-------++-------
Melee: Mace              |    52 |   145 |       ||   197
       Flail             |       |    39 |    10 ||    49
Throw: Stone             |    10 |     4 |       ||    14
       Boomerang         |    31 |    24 |     2 ||    57
       Dart              |       |    13 |       ||    13
Invok: Depart the Abyss  |     1 |       |       ||     1
       Bend Space        |       |     5 |     1 ||     6
  Use: Scroll            |     4 |    12 |       ||    16
       Potion            |       |     6 |     3 ||     9
  Eat: Ration            |     1 |     1 |       ||     2
       Chunk             |       |     4 |       ||     4
Armor: Leather armour    |     6 |       |       ||     6
       Ring mail         |    15 |    31 |     1 ||    47
       Scale mail        |     1 |    73 |       ||    74
       Skin              |       |     6 |       ||     6
Dodge: Dodged            |    17 |   114 |    12 ||   143
